 Dungeon Crawl Stone Soup version 0.23.2-40-g277498a001 (webtiles) character file.

Game seed: 9045353482162236633

26113 Dexcius the Severer (level 12, -4/112 HPs)
             Began as a Minotaur Berserker on Aug 23, 2019.
             Was a High Priest of Trog.
             Slain by a spiny frog (13 damage)
             ... on level 4 of the Lair of Beasts on Aug 24, 2019.
             The game lasted 00:50:26 (14707 turns).

Dexcius the Severer (Minotaur Berserker)           Turns: 14707, Time: 00:50:26

Health: -4/112     AC: 22    Str: 27 (28) XL:     12   Next: 95%
Magic:  11/11      EV: 10    Int:  8      God:    Trog [*****.]
Gold:   720        SH:  5    Dex: 12      Spells: 11/11 levels left

rFire    + . .     SeeInvis +   a - +5 broad axe "Rukul" {flame, Str+3 Int+4 SInv}
rCold    . . .     Gourm    .   i - +0 buckler {AC+3}
rNeg     . . .     Faith    .   d - +0 plate armour
rPois    .         Spirit   .   (helmet restricted)
rElec    .         Reflect  .   (no cloak)
rCorr    +         Harm     .   k - +2 pair of gloves
MR       .....                  (no boots)
Stlth    ..........             (no amulet)
HPRegen  0.28/turn              t - ring of protection from fire
MPRegen  0.12/turn              F - ring of resist corrosion

@: lethally poisoned (-4 -> -7)
A: retaliatory headbutt, horns 2, talons 1, deterioration 1
a: Berserk, Trog's Hand, Brothers in Arms, Renounce Religion


You were on level 4 of the Lair of Beasts.
You worshipped Trog.
Trog was extremely pleased with you.
You were not hungry.

You visited 2 branches of the dungeon, and saw 14 of its levels.

You collected 720 gold pieces.

Inventory:

Hand Weapons
 a - the +5 broad axe "Rukul" (weapon) {flame, Str+3 Int+4 SInv}
   (Trog gifted it to you on level 1 of the Lair of Beasts)

   It has been specially enchanted to burn those struck by it, causing extra
   injury to most foes and up to half again as much damage against particularly
   susceptible opponents.
   Big, fiery blades are also staple armaments of hydra-hunters.
   It affects your strength (+3).
   It affects your intelligence (+4).
   It lets you see invisible.
 v - a +0 morningstar
Armour
 d - a +0 plate armour (worn)
 i - a +0 buckler of protection (worn)
 k - a +2 pair of gloves (worn)
Jewellery
 t - a ring of protection from fire (left hand)
 F - a ring of resist corrosion (right hand)
Wands
 b - a wand of polymorph (4)
 h - a wand of enslavement (7)
 m - a wand of disintegration (17)
 o - a wand of iceblast (15)
Scrolls
 f - 9 scrolls of identify
 l - 2 scrolls of teleportation
 B - a scroll of remove curse
Potions
 e - a potion of agility
 g - a potion of berserk rage
 j - a potion of brilliance
 n - a potion of haste
 p - a potion of might
 r - a potion of resistance
 w - 3 potions of curing
 E - a potion of heal wounds
Comestibles
 c - 20 rations


   Skills:
 + Level 11.8 Fighting
 + Level 16.2(16.3) Axes
 + Level 3.6(11.4) Maces & Flails
 + Level 13.3 Armour
 + Level 5.9 Dodging
 + Level 1.4 Stealth
 + Level 5.9 Shields
 + Level 2.4 Unarmed Combat


You had 11 spell levels left.
You didn't know any spells.
Your spell library was empty.

Dungeon Overview and Level Annotations

Branches:
Dungeon (10/15)            Temple (0/1) D:7            Lair (4/6) D:10
  Swamp (0/4) Lair:3       Spider (0/4) Lair:2          Orc (0/2) D:10

Altars:
Cheibriados
Dithmenos
Fedhas
Gozag
Kikubaaqudgha
Makhleb
Okawaru
Trog
Uskayaw
Wu Jian
Xom
Zin
The Shining One


Innate Abilities, Weirdness & Mutations

You reflexively headbutt those who attack you in melee.
You have a pair of horns on your head.
You have sharp toenails.
Your body sometimes deteriorates upon taking damage.


Message History

Nessos shoots an arrow.
The arrow hits you!!
* * * LOW HITPOINT WARNING * * *
The arrow burns you.
* * * LOW HITPOINT WARNING * * *
Nessos shoots an arrow.
You block the arrow.
You see here 2 arrows.
You feel better.
Nessos shoots an arrow.
The arrow hits you!
* * * LOW HITPOINT WARNING * * *
The arrow burns you.
You are poisoned.
* * * LOW HITPOINT WARNING * * *
Aiming: Iceblast
Press: ? - help, Shift-Dir - straight line, f - Nessos
Aim: Nessos, wielding a +2 longbow of flaming and wearing a +0 centaur barding (almost dead, fast, slightly transparent)
The mass of ice explodes!
The iceblast engulfs Nessos!!
You kill Nessos!
Trog accepts your kill.
Trog appreciates your killing of a magic user.
You feel sick. The spiny frog stings you!
You die...

##.....P #....# #......#
##....# #....<###.....# .
##.....# #....# .#
#......# #....# ..#
##....## #....## ...#
..#....####.....####.....
............(.............
..............(.@F(.......
..............).(.........
.............(............
...###.#.#.#######.###P#P#
### ####### ### # #


You could see a spiny frog.

Vanquished Creatures
  Nessos (Lair:4)
  3 hydras (Lair:1)
  A two-headed ogre (D:8)
  3 death yaks (Lair:3)
  Urug (Lair:1)
  Nergalle (Lair:1)
  Pikel (D:6)
  2 oklob plants (Lair:2)
  4 elephants (Lair:3)
  Joseph (D:7)
  A black mamba (Lair:3)
  Psyche (D:8)
  5 spiny frogs
  2 komodo dragons (Lair:3)
  2 trolls
  A queen bee (Lair:2)
  3 blink frogs (Lair:3)
  5 hippogriffs
  Sigmund (D:4)
  4 basilisks (Lair:3)
  13 yaks
  6 wyverns
  5 hungry ghosts
  A steam dragon (D:10)
  8 water moccasins
  4 porcupines
  Duvessa (D:6)
  3 black bears
  3 ice beasts
  A sky beast (D:4)
  A phantom (D:4)
  5 ogres
  5 crocodiles
  A centaur (D:6)
  2 big kobolds
  A gnoll sergeant (D:6)
  14 bullfrogs
  Dowan (D:6)
  A water moccasin zombie (D:8)
  2 scorpions
  30 killer bees
  7 wights
  2 howler monkeys
  2 crimson imps
  A bullfrog zombie (D:5)
  A quasit (D:9)
  A hound (D:6)
  2 jellies
  A centaur skeleton (D:8)
  13 orc wizards
  2 bullfrog skeletons
  6 orc priests
  3 iron imps (D:3)
  9 worker ants
  2 iguanas
  A killer bee zombie (D:7)
  8 ogre zombies (D:10)
  2 hound skeletons (D:5)
  2 worker ant zombies
  10 adders
  4 gnolls (D:6)
  A shadow imp (D:10)
  2 oozes
  An adder skeleton (D:6)
  An adder zombie (D:6)
  A worm (D:2)
  10 leopard geckos
  46 orcs
  2 ball pythons
  6 giant cockroaches
  9 goblins
  3 hobgoblins
  6 jackals (D:4)
  7 quokkas
  8 bats
  5 frilled lizards
  A goblin zombie (D:10)
  3 hobgoblin skeletons (D:10)
  4 hobgoblin zombies (D:10)
  16 kobolds
  A leopard gecko zombie (D:7)
  4 orc skeletons (D:10)
  13 orc zombies (D:10)
  A quokka skeleton (D:5)
  8 rats
  8 plants
397 creatures vanquished.

Vanquished Creatures (others)
  2 slaves (D:6)
  An ogre (D:6)
  A leopard gecko (D:6)
  A quokka (D:6)
5 creatures vanquished.

Grand Total: 402 creatures vanquished

Notes
Turn   | Place    | Note
-------+----------+-------------------------------------------
     0 | D:1      | Dexcius the Minotaur Berserker began the quest for the Orb.
     0 | D:1      | Reached XP level 1. HP: 19/19 MP: 0/0
   124 | D:1      | Reached XP level 2. HP: 27/27 MP: 1/1
   163 | D:1      | Reached skill level 4 in Axes
   547 | D:1      | Reached XP level 3. HP: 33/33 MP: 2/2
  1078 | D:2      | Reached ** piety under Trog
  1127 | D:2      | Found a snail-covered altar of Cheibriados.
  1186 | D:2      | Found an ornate altar of the Wu Jian Council.
  1210 | D:2      | Reached XP level 4. HP: 41/41 MP: 3/3
  1325 | D:3      | Reached skill level 5 in Axes
  1390 | D:3      | Found a burning altar of Makhleb.
  1514 | D:3      | Reached XP level 5. HP: 34/47 MP: 4/4
  1528 | D:3      | Reached skill level 5 in Fighting
  1528 | D:3      | Reached skill level 6 in Axes
  2039 | D:4      | Noticed Sigmund
  2046 | D:4      | Reached XP level 6. HP: 56/56 MP: 5/5
  2048 | D:4      | Killed Sigmund
  2048 | D:4      | Reached skill level 7 in Axes
  2071 | D:4      | Reached XP level 7. HP: 35/61 MP: 6/6
  2244 | D:4      | Reached skill level 5 in Armour
  2296 | D:4      | Reached *** piety under Trog
  2559 | D:4      | Reached skill level 8 in Axes
  2863 | D:5      | Entered Level 5 of the Dungeon
  3162 | D:5      | Reached XP level 8. HP: 51/70 MP: 7/7
  3303 | D:5      | Found an iron altar of Okawaru.
  3373 | D:5      | Found a shimmering altar of Xom.
  3547 | D:5      | Found a glowing silver altar of Zin.
  3549 | D:5      | Found a glowing golden altar of the Shining One.
  3552 | D:5      | Found a blossoming altar of Fedhas.
  3554 | D:5      | Found an ancient bone altar of Kikubaaqudgha.
  3556 | D:5      | Found a shadowy altar of Dithmenos.
  3783 | D:6      | Noticed Duvessa
  3788 | D:6      | Noticed Dowan
  3802 | D:6      | Killed Duvessa
  3807 | D:6      | Killed Dowan
  4328 | D:6      | Reached skill level 9 in Axes
  4345 | D:6      | Noticed Pikel
  4352 | D:6      | Reached **** piety under Trog
  4352 | D:6      | Reached skill level 1 in Unarmed Combat
  4365 | D:6      | Killed Pikel
  4365 | D:6      | Reached XP level 9. HP: 59/79 MP: 8/8
  4556 | D:6      | Gained mutation: Your body sometimes deteriorates upon
                  | taking damage. [potion of mutation]
  4556 | D:6      | Gained mutation: You have sharp toenails. [potion of
                  | mutation]
  4683 | D:6      | Reached skill level 10 in Axes
  4818 | D:6      | Found an opulent altar of Gozag.
  4839 | D:6      | Reached skill level 5 in Dodging
  4871 | D:6      | Found a bloodstained altar of Trog.
  4886 | D:6      | Found a hide-covered altar of Uskayaw.
  5861 | D:7      | Noticed Joseph
  5874 | D:7      | Killed Joseph
  5874 | D:7      | Reached skill level 1 in Stealth
  6022 | D:7      | Reached skill level 11 in Axes
  6033 | D:7      | Found a staircase to the Ecumenical Temple.
  6316 | D:7      | Reached XP level 10. HP: 88/88 MP: 9/9
  6316 | D:7      | Reached ***** piety under Trog
  6389 | D:7      | Found an ornate altar of the Wu Jian Council.
  6717 | D:8      | Noticed a two-headed ogre
  6727 | D:8      | Killed a two-headed ogre
  6727 | D:8      | Reached skill level 12 in Axes
  7027 | D:8      | Reached skill level 10 in Armour
  7035 | D:8      | Received a gift from Trog
  7343 | D:8      | Noticed Psyche
  7353 | D:8      | Killed Psyche
  8549 | D:9      | Got a slimy buckler
  8555 | D:9      | Identified the -3 buckler of Spring Thaw {+Inv rF+ MP+9
                  | Int-3} (You found it on level 9 of the Dungeon)
  8861 | D:10     | Entered Level 10 of the Dungeon
  9120 | D:10     | Reached skill level 13 in Axes
  9132 | D:10     | Found a staircase to the Orcish Mines.
  9166 | D:10     | Reached XP level 11. HP: 99/99 MP: 10/10
  9902 | D:10     | Reached skill level 1 in Shields
  9908 | D:10     | Found a staircase to the Lair.
  9919 | Lair:1   | Entered Level 1 of the Lair of Beasts
 10084 | Lair:1   | Reached skill level 10 in Fighting
 10088 | Lair:1   | Received a gift from Trog
 10091 | Lair:1   | Got an ebony broad axe {god gift}
 10092 | Lair:1   | Identified the +5 broad axe "Rukul" {flame, Str+3 Int+4
                  | SInv} (Trog gifted it to you on level 1 of the Lair of
                  | Beasts)
 10187 | Lair:1   | Noticed Urug
 10197 | Lair:1   | Killed Urug
 10353 | Lair:1   | Noticed Nergalle
 10365 | Lair:1   | Killed Nergalle
 10374 | Lair:1   | Reached skill level 14 in Axes
 10625 | Lair:1   | Noticed a four-headed hydra
 10625 | Lair:1   | Noticed a seven-headed hydra
 10632 | Lair:1   | Killed a seven-headed hydra
 10641 | Lair:1   | Killed a four-headed hydra
 10641 | Lair:1   | Reached skill level 1 in Maces & Flails
 10994 | Lair:1   | Noticed a five-headed hydra
 11004 | Lair:1   | Killed a five-headed hydra
 11333 | Lair:2   | Found a hole to the Spider Nest.
 11450 | Lair:2   | Noticed an oklob plant
 11456 | Lair:2   | Noticed an oklob plant
 11476 | Lair:2   | Killed an oklob plant
 11476 | Lair:2   | Reached XP level 12. HP: 20/108 MP: 11/11
 11973 | Lair:2   | Reached skill level 15 in Axes
 12198 | Lair:2   | Received a gift from Trog
 12319 | Lair:2   | Reached skill level 5 in Shields
 12818 | Lair:3   | Found a staircase to the Swamp.
 13179 | Lair:3   | Noticed a death yak
 13179 | Lair:3   | Noticed a death yak
 13180 | Lair:3   | Noticed a death yak
 13188 | Lair:3   | Killed a death yak
 13189 | Lair:3   | Killed a death yak
 13189 | Lair:3   | Killed a death yak
 13732 | Lair:3   | Reached skill level 16 in Axes
 14690 | Lair:4   | Noticed Nessos
 14707 | Lair:4   | Killed Nessos
 14707 | Lair:4   | Slain by a spiny frog

Skill      XL: |  1  2  3  4  5  6  7  8  9 10 11 12 |
---------------+-------------------------------------+-----
Fighting       | 4 5 6 7 8 9 10 11 | 11.8
Axes           | 4 5 6 7 8 9 11 13 14 16 | 16.2
Armour         | 3 4 6 7 9 10 12 13 | 13.3
Dodging        | 3 4 5 |  5.9
Unarmed Combat | 1 2 |  2.4
Stealth        | 1 |  1.4
Shields        | 4 5 |  5.9
Maces & Flails | 2 3 |  3.6

Action                   |  1- 3 |  4- 6 |  7- 9 | 10-12 || total
-------------------------+-------+-------+-------+-------++-------
Melee: Hand axe          |    66 |    78 |   266 |   264 ||   674
       Headbutt          |    10 |    16 |    54 |   121 ||   201
       Unarmed           |       |       |    14 |       ||    14
       Punch             |       |       |     2 |     1 ||     3
       Kick              |       |       |    34 |   193 ||   227
       Broad axe         |       |       |       |   231 ||   231
       War axe           |       |       |       |    55 ||    55
       Morningstar       |       |       |       |    20 ||    20
Invok: Berserk           |       |     2 |     5 |     3 ||    10
Evoke: Wand              |       |       |       |     1 ||     1
  Use: Scroll            |       |       |     2 |    17 ||    19
       Potion            |       |       |     7 |     5 ||    12
  Eat: Ration            |     1 |     1 |     5 |    12 ||    19
Armor: Animal skin       |     7 |       |       |       ||     7
       Scale mail        |     5 |    27 |    65 |       ||    97
       Chain mail        |       |       |    18 |    96 ||   114
       Plate armour      |       |       |       |   174 ||   174
Dodge: Dodged            |    35 |    47 |   195 |   209 ||   486
Block: Shield            |       |       |       |    71 ||    71
       Buckler           |       |       |       |    38 ||    38
